 Dungeon Crawl Stone Soup version 0.28.0-53-g5a82cb258f (webtiles) character file.

Game seed: 5055647829776602906

3 Descartes the Sneak (level 1, -6/10 HPs)
             Began as a Felid Delver on July 5, 2022.
             Mangled by a worm (11 damage)
             ... on level 4 of the Dungeon.
             The game lasted 00:00:40 (115 turns).

Descartes the Sneak (Felid Delver)                   Turns: 115, Time: 00:00:40

Health: -6/10      AC:  1    Str:  8    XL:     1   Next: 41%
Magic:  2/2        EV: 17    Int: 11    God:
Gold:   0          SH:  0    Dex: 17    Spells: 0/0 levels left
                                        Lives:  0   Deaths: 0

rFire   . . .      SeeInvis +     - Unarmed
rCold   . . .      Faith    .   (shield unavailable)
rNeg    . . .      Spirit   .   (armour unavailable)
rPois   .          Reflect  .   (helmet unavailable)
rElec   .          Harm     .   (cloak unavailable)
rCorr   .          Rampage  .   (gloves unavailable)
Will    .....                   (boots unavailable)
Stlth   ++++......              (no amulet)
HPRegen 0.03/turn               (no ring)
MPRegen 0.08/turn               (no ring)

@: quick
A: very small, claws 1, fangs 3, see invisible, speed 1, shaggy fur 1, stealthy
paws, no weapons or thrown items, no armour, multi-lived
a: no special abilities


You were on level 4 of the Dungeon.
You visited 1 branch of the dungeon, and saw 2 of its levels.

Inventory:

Wands
 e - a wand of digging (3)
Scrolls
 a - a scroll of fog
 b - a scroll of teleportation {unknown}
 c - a scroll of fear
Potions
 d - a potion of haste


   Skills:
 - Level 3.0 Fighting
 + Level 2.8 Dodging
 * Level 6.7 Stealth
 + Level 2.0 Unarmed Combat


You couldn't memorise any spells.
You didn't know any spells.
Your spell library was empty.

Dungeon Overview and Level Annotations

Branches:
Dungeon (5/15)
 Temple: D:4-7

Altars:
The Shining One

Portals:
Sewer: D:4


Innate Abilities, Weirdness & Mutations

You have sharp claws.
You have razor-sharp teeth.
You have supernaturally acute eyesight. (SInv)
You cover ground quickly. (Speed+)
You are covered in fur. (AC +1)
Your paws help you pounce on unaware monsters.
You are incapable of wielding weapons or throwing items.
You cannot wear armour.
You gain extra lives every three experience levels.


Message History

The hobgoblin misses you.
You closely miss the hobgoblin.
You claw the hobgoblin, but do no damage.
The hobgoblin is heavily wounded.
The hobgoblin hits you.
You scratch the hobgoblin.
You kill the hobgoblin!
No target in view!
You see here a hobgoblin corpse.
A worm comes into view.
A giant cockroach comes into view.
A giant cockroach and 2 rats come into view.
Found a glowing drain.
The giant cockroach closely misses you.
You barely miss the giant cockroach.
You bite the giant cockroach, but do no damage.
The giant cockroach closely misses you.
You closely miss the giant cockroach.
The giant cockroach completely misses you.
You scratch the giant cockroach.
The giant cockroach is almost dead.
The giant cockroach bites you.
You closely miss the giant cockroach.
The giant cockroach is almost dead.
The giant cockroach completely misses you.
You scratch the giant cockroach.
You kill the giant cockroach!
You closely miss the rat. You claw the rat.
You kill the rat!
You see here a giant cockroach corpse.
You scratch the worm but do no damage. The worm barely misses you.
You scratch the worm but do no damage. You scratch the worm.
The worm is lightly wounded.
The worm misses you.
You scratch the worm. Your bite misses the worm.
The worm is lightly wounded.
The worm bites you!
Ouch! That really hurt!
You die...

#.*##.* #<..
#.##..#####.#.
#..#.#......##
*#.._..######*
########.### *
#.†.......#
#.#######.#
#†# *.# #@#
*.# #w# *.#
#.### *.#
#...#* *.#
*#.#..# *,*
#≈....#
*,********
#≈≈≈..#
*,,,>,,,,,
#≈≈≈≈.#
**********
#≈≈≈≈≈#


You could see a worm.

Vanquished Creatures
  A giant cockroach (D:4)
  A hobgoblin (D:4)
  A rat (D:4)
3 creatures vanquished.

Notes
Turn   | Place    | Note
-------+----------+-------------------------------------------
     0 | D:5      | Descartes the Felid Delver began the quest for the Orb.
     0 | D:5      | Reached XP level 1. HP: 10/10 MP: 2/2
    18 | D:5      | Noticed an ogre
    71 | D:4      | Found a glowing golden altar of the Shining One.
    93 | D:4      | Found a glowing drain.
   115 | D:4      | Mangled by a worm

Illustrated notes

Levels and vault maps discovered:
D:4:      layout_loops_ring, lemuel_crystal_altar, portal_sewer_entry_b,
          kennysheep_cross_bottleneck, hangedman_decor_peaks_small,
          st_stairs_14, grunt_ministairs_12, nicolae_specific_store,
          chequers_garden
D:5:      layout_basic, kennysheep_generic_room_16, uniq_duvessa

Action                   || total
-------------------------++-------
Melee: Unarmed           ||    13
       Punch             ||     2
       Bite              ||     1
  Use: Scroll            ||     1
Dodge: Dodged            ||     8
